 Dungeon Crawl Stone Soup version 0.31-a0-1278-g11c5b68f87 (webtiles) character file.

Game seed: 5866995842243266814

11 mdonais the Vexing (level 2, 0/18 HPs)
             Began as an Octopode Hexslinger on Dec 18, 2023.
             Slain by a jackal (1 damage)
             ... on level 1 of the Dungeon.
             The game lasted 00:01:16 (210 turns).

mdonais the Vexing (Octopode Hexslinger)             Turns: 210, Time: 00:01:17

Health: 0/18       AC:  1    Str:  5 (7)  XL:     2   Next: 25%
Magic:  3/3        EV: 13    Int: 12 (15) God:
Gold:   5          SH:  0    Dex: 13 (14) Spells: 3/3 levels left

rFire   . . .        a - +1 sling
rCold   . . .        (no shield)
rNeg    . . .        (helmet restricted)
rPois   .            (no amulet)
rElec   .            (no ring)
rCorr   .            (no ring)
SInv    .            (no ring)
Will    .....        (no ring)
Stlth   +++          (no ring)
HPRegen 0.23/turn    (no ring)
MPRegen 0.08/turn    (no ring)
                     (no ring)

%: no passive effects
@: no status effects
A: almost no armour, amphibious, 8 rings, camouflage 1, gelatinous body 1,
(nimble swimmer 1), tentacles
a: no special abilities


You were on level 1 of the Dungeon.
You visited 1 branch of the dungeon, and saw 1 of its levels.

You collected 5 gold pieces.

Inventory:

Hand Weapons
 a - a +1 sling (weapon)
Scrolls
 b - a scroll of poison
 c - a scroll of fog {unknown}
Potions
 e - a potion of degeneration


   Skills:
 + Level 1.0 Fighting
 + Level 2.0 Ranged Weapons
 - Level 2.0 Dodging
 + Level 2.6 Stealth
 - Level 1.0 Spellcasting
 - Level 3.0 Hexes
 - Level 1.0 Fire Magic


You had 3 spell levels left.
You didn't know any spells.
Your spell library contained the following spells:

 Spells                   Type           Power      Damage    Failure   Level
 Jinxbite                 Hex            14%        N/A       13%         2
 Sigil of Binding         Hex            7%         N/A       26%         3
 Inner Flame              Hex/Fire       5%         N/A       36%         3
 Cause Fear               Hex            3%         N/A       65%         4
 Dimensional Bullseye     Hex/Tloc       2%         N/A       85%         4


Dungeon Overview and Level Annotations

Branches:
Dungeon (1/15) Zot: 5777

Altars:


Innate Abilities, Weirdness & Mutations

You cannot wear most types of armour.
You are amphibious.
You can wear up to eight rings at the same time.
Your skin changes colour to match your surroundings (Stealth+).
Your rubbery body absorbs attacks. (AC +1, EV +1)
((You are camouflaged when in or above water. (Stealth+)))
You have tentacles for arms and can constrict up to eight enemies at once.


Message History

You shoot a sling bullet.
The sling bullet closely misses the kobold.
A frilled lizard comes into view.
You shoot a sling bullet. The sling bullet hits the kobold.
The kobold is severely wounded.
The kobold hits you with a +0 whip. x2
You take 6 damage, and have 12/18 hp.
MASSIVE DAMAGE!!
You shoot a sling bullet.
The sling bullet barely misses the kobold.
The sling bullet misses the frilled lizard.
The kobold barely misses you.
You shoot a sling bullet. The sling bullet hits the kobold.
You kill the kobold!
You shoot a sling bullet.
The sling bullet hits the frilled lizard.
The frilled lizard is heavily wounded.
You shoot a sling bullet.
The sling bullet closely misses the frilled lizard.
The frilled lizard barely misses you.
You shoot a sling bullet.
The sling bullet barely misses the frilled lizard.
The frilled lizard completely misses you.
You shoot a sling bullet.
The sling bullet hits the frilled lizard.
You kill the frilled lizard!
No target in view!
HP restored.
Things that are here:
a +0 whip; a frilled lizard corpse; a kobold corpse
Found a robe.
Health restored: 18
Found a stone staircase leading down.
Found an escape hatch in the floor.
d - a smoky cyan potion
e - 2 silvery potions
Found a club.
A jackal comes into view.
Found 6 stones.
You shoot a sling bullet. The sling bullet hits the jackal.
The jackal barks!
The jackal is heavily wounded.
You hear a bark!
A jackal comes into view.
You shoot a sling bullet.
The sling bullet hits the jackal but does no damage.
The jackal is heavily wounded.
You shoot a sling bullet. The sling bullet hits the jackal.
The jackal is severely wounded.
You shoot a sling bullet.
The sling bullet closely misses the jackal.
The sling bullet barely misses the jackal.
The jackal closely misses you.
You shoot a sling bullet.
The sling bullet closely misses the jackal.
The jackal closely misses you.
A giant cockroach comes into view.
The jackal bites you.
You take 2 damage, and have 16/18 hp.
You shoot a sling bullet. The sling bullet hits the jackal.
The jackal is almost dead.
The jackal barely misses you. The jackal bites you. x2
You take 2 damage, and have 14/18 hp.
You shoot a sling bullet.
The sling bullet barely misses the jackal.
The jackal bites you. The jackal closely misses you. The jackal bites you.
The jackal misses you.
A hobgoblin comes into view.
You take 3 damage, and have 11/18 hp.
Okay, then.
Okay, then.
You don't know any spells.
Unknown command.
Fire: a) +1 sling
Press: ? - help, Q - select action Shift-Dir - straight line, f/p - jackal
Aim: a jackal (severely wounded, 50% to hit)
You shoot a sling bullet.
The sling bullet closely misses the jackal.
The hobgoblin shouts!
The sling bullet hits the hobgoblin.
You kill the hobgoblin!
You hear an angry hiss.
The jackal misses you. The jackal closely misses you.
The jackal barely misses you. x2
Fire: a) +1 sling
Press: ? - help, Q - select action Shift-Dir - straight line, f/p - jackal
Aim: a jackal (severely wounded, 50% to hit)
You shoot a sling bullet.
The sling bullet closely misses the jackal.
The jackal misses you. The jackal bites you. The jackal closely misses you. x2
You take 3 damage, and have 9/18 hp.
Fire: a) +1 sling
Press: ? - help, Q - select action Shift-Dir - straight line, f/p - jackal
Aim: a jackal (severely wounded, 50% to hit)
You shoot a sling bullet.
The sling bullet closely misses the jackal.
The jackal misses you. The giant cockroach barely misses you.
The jackal completely misses you. The jackal bites you.
The giant cockroach bites you.
You take 3 damage, and have 6/18 hp.
Fire: a) +1 sling
Press: ? - help, Q - select action Shift-Dir - straight line, f/p - jackal
Aim: a jackal (severely wounded, 50% to hit)
You shoot a sling bullet.
The sling bullet closely misses the jackal.
The jackal closely misses you.
A jackal comes into view.
The jackal closely misses you. The giant cockroach closely misses you.
The jackal misses you. The jackal closely misses you.
Fire: a) +1 sling
Press: ? - help, Q - select action Shift-Dir - straight line, f/p - jackal
Aim: a jackal (severely wounded, 50% to hit)
You shoot a sling bullet.
The sling bullet closely misses the jackal.
The sling bullet hits the jackal.
The jackal is severely wounded.
The jackal bites you. The giant cockroach misses you. The jackal misses you. x2
An endoplasm comes into view.
The giant cockroach waves its antennae.
The giant cockroach misses you.
Fire: a) +1 sling
Press: ? - help, Q - select action Shift-Dir - straight line, f/p - jackal
Aim: a jackal (severely wounded, 50% to hit)
You shoot a sling bullet. The sling bullet hits the jackal.
You kill the jackal!
The jackal bites you.
* * * LOW HITPOINT WARNING * * *
The giant cockroach bites you.
* * * LOW HITPOINT WARNING * * *
The endoplasm jiggles.
The jackal barely misses you.
You take 2 damage, and have 4/18 hp.
It was a potion of curing.
You feel better. The giant cockroach misses you. The jackal closely misses you.
The giant cockroach barely misses you.
You regained 6 hp, and now have 10/18 hp.
It was a potion of degeneration.
There was something very wrong with that liquid.
You feel weakened.
You feel dopey.
You feel clumsy. The jackal barely misses you. The jackal bites you.
The giant cockroach bites you. The jackal bites you.
* * * LOW HITPOINT WARNING * * *
You take 7 damage, and have 3/18 hp.
MASSIVE DAMAGE!!
Fire: a) +1 sling
Press: ? - help, Q - select action Shift-Dir - straight line, f - giant cockroach
Aim: a giant cockroach (56% to hit)
You shoot a sling bullet.
The sling bullet hits the giant cockroach but does no damage.
The jackal bites you.
* * * LOW HITPOINT WARNING * * *
The jackal bites you.
You die...

.....#† .. ..#.... ####### #.
.....$ +##≈≈≈≈≈###.. ....#
8........###.## ..J# #######
.......<..##...##...##.. ....#
8........###.#..Bh...... ...##
'##≈≈≈≈≈###.....@h#..### #...###
..#######.(.###........####.#....
....#[.. ##..#†......)......
....#..##### #...[.............
...........# #.................
...........######..........##....
####..............)..#.###.##....
####.......####........###.#..##.
................#............###.


You could see an endoplasm, 2 jackals and a giant cockroach.

Vanquished Creatures
  An endoplasm (D:1)
  A hobgoblin (D:1)
  A jackal (D:1)
  A quokka (D:1)
  A ball python (D:1)
  2 bats (D:1)
  A frilled lizard (D:1)
  2 kobolds (D:1)
  A rat (D:1)
11 creatures vanquished.

Notes
Turn   | Place    | Note
-------+----------+-------------------------------------------
     0 | D:1      | mdonais the Octopode Hexslinger began the quest for the
                  | Orb.
     0 | D:1      | Reached XP level 1. HP: 13/13 MP: 2/2
    54 | D:1      | Reached skill level 1 in Stealth
    79 | D:1      | Reached XP level 2. HP: 18/18 MP: 3/3
   210 | D:1      | Slain by a jackal

Illustrated notes

Levels and vault maps discovered:
D:1:      wander_arrival_chamber, layout_rooms

Skill      XL: |  1 |
---------------+----+-----
Stealth        | 2 |  2.6
Fighting       | |  1.0
Ranged Weapons | |  2.0
Dodging        | |  2.0
Spellcasting   | |  1.0
Hexes          | |  3.0
Fire Magic     | |  1.0

Action                     || total
---------------------------++-------
   Fire: Sling             ||    37
    Use: Potion            ||     2
 Armour: Skin              ||    18
  Dodge: Dodged            ||    32

Table legend: (Time is in decaauts)
 A = Elapsed time spent in this place.
 B = Non-inter-level travel time spent in this place.
 C = Inter-level travel time spent in this place.
 D = Time resting spent in this place.
 E = Time spent auto-exploring this place.
 F = Levels seen in this place.
 G = Mean time per level.
                   A        B        C        D        E       F      G
               +--------+--------+--------+--------+--------+-----+--------+
         Total |    220 |    220 |      0 |      0 |    152 |   1 |  220.0 |
       Dungeon |    220 |    220 |      0 |      0 |    152 |   1 |  220.0 |
               +--------+--------+--------+--------+--------+-----+--------+

Top non-repeatable levels by time:
     D:1: 220 daAuts
